[Event "Live Chess"]
[Site "Chess.com"]
[Date "2024.06.01"]
[Round "-"]
[White "FlyingChessKestrel13"]
[Black "PureDashingOctopus"]
[Result "0-1"]
[WhiteElo "2091"]
[BlackElo "2251"]
[TimeControl "300"]
[EndTime "11:25:35 PDT"]
[Termination "PureDashingOctopus won by resignation"]

1. d4 Nf6 2. Nf3 g6 3. g3 Bg7 4. Bg2 O-O 5. O-O d5 6. c4 c6 7. Nc3 dxc4 8. e3 b5 9. Ne5 Nd5 10.
Nxc6 Nxc6 11. Bxd5 Bb7 12. Bg2 b4 13. Na4 Na5 14.
f3 Bc6 15. Nc5 e5 16. dxe5 Qe7 17. Qd6 Qxe5 18. Qxe5 Bxe5 19. Bd2 c3 20. bxc3 bxc3 21. Be1 c2 22. Bxa5 Bxa1 23. Rxa1 Rfd8 24. Nb3 Rd1+ 25.
Kf2 Rxa1 26. Bd2 Rxa2 27. e4 c1=Q 28. Nxc1 Rxd2+ 0-1

[Event "Live Chess"]
[Site "Chess.com"]
[Date "2024.06.01"]
[Round "-"]
[White "hisaveliy"]
[Black "GEMdzq"]
[Result "0-1"]
[WhiteElo "634"]
[BlackElo "2301"]
[TimeControl "300"]
[EndTime "11:25:40 PDT"]
[Termination "GEMdzq won on time"]

1. e4 d6 2. d4 Nf6 3. Nc3 g6 4. Bc4 Bg7 5. Nf3 O-O 6. O-O c6 7. e5 Ne8 8. Re1 d5 9. Bd3 Nc7 10. Bg5 h6 11. Bh4 Ne6 12. b4 a5 13. b5 Nd7 14. bxc6 bxc6 15. Rb1 Ba6 16. Bxa6 Rxa6 17. Na4 g5 18. Bg3 Nb6 19. Nc5 Nxc5 20. dxc5 Nc4 21. Nd4 e6 22. a4 Qc7 23. Nf5 exf5 24. e6 f4 25. e7 Re8 26. Bxf4 Qxf4 27. g3 Qf6 28.
Rb8 Ra8 29. Rxa8 Rxa8 30. e8=Q+ Rxe8 31. Rxe8+ Kh7 32. Qe1 Ne5 33. Rd8 Nf3+ 34. Kf1 Nxe1 35. Rxd5 cxd5 36. c6 Qxc6 37. Kxe1 Qxc2 38. Kf1 d4 39. Ke1 d3 0-1

[Event "Live Chess"]
[Site "Chess.com"]
[Date "2024.06.01"]
[Round "-"]
[White "MagnersCarlsberg2870"]
[Black "viktor_forever1994"]
[Result "1-0"]
[WhiteElo "1876"]
[BlackElo "1390"]
[TimeControl "300"]
[EndTime "11:25:42 PDT"]
[Termination "MagnersCarlsberg2870 won on time"]

1. d4 Nf6 2. e3 d5 3. Bd3 e6 4. Nf3 Be7 5. Ne5 c5 6. c3 Nbd7 7. f4 cxd4 8. exd4 O-O 9. Nd2 Ne4 10. Nxe4 dxe4 11. Bxe4 f5 12. Bf3 Nxe5 13. fxe5 Rb8 14. O-O b6 15. d5 Bc5+ 16. Kh1 Bb7 17. d6 Qh4 18. Qb3 Kf7 19. Bd2 Bf2 20. Be1 Bxe1 21. Raxe1 Bxf3 22. gxf3 Rfd8 23. Qb4 Qxb4 24. cxb4 Ke8 25.
Rc1 Kd7 26. Rc7+ Ke8 27. Rg1 g6 28. Rxh7 Rbc8 29. Rh8+ Kd7 30. Rxd8+ Rxd8 31. Rxg6 Rc8 32. Rg7+ Kc6 33. Rxa7 Kd5 34. d7 Rd8 35. h4 Kc6 36. h5 1-0

[Event "Live Chess"]
[Site "Chess.com"]
[Date "2024.06.01"]
[Round "-"]
[White "JohanKjeldahl"]
[Black "Crowded_House"]
[Result "1-0"]
[WhiteElo "1836"]
[BlackElo "1757"]
[TimeControl "300"]
[EndTime "11:25:44 PDT"]
[Termination "JohanKjeldahl won by checkmate"]

1. c4 e6 2. Nc3 d5 3. d4 c6 4. Nf3 Bb4 5. e3 Nf6 6. Bd3 Nbd7 7. O-O O-O 8. Bd2 b6 9. a3 Bxc3 10. bxc3 Ba6 11. Qe2 dxc4 12. Bxc4 Bxc4 13. Qxc4 Qc7 14. Rfe1 Rfc8 15. e4 Ne8 16. e5 b5 17. Qd3 Nb6 18. Ng5 g6 19. Ne4 Nc4 20. Bf4 Rd8 21. Qh3 h5 22. g4 Ng7 23. Nf6+ Kf8 24. gxh5 Nxh5 25. Nxh5 gxh5 26. Qxh5 Ke8 27. Bg5 Rdc8 28. Qh8+ Kd7 29. Qf6 Re8 30. Qxf7+ Kc8 31. Qxe8+ Kb7 32. Qe7 Qxe7 33.
Bxe7 Rg8+ 34. Kf1 Nd2+ 35. Ke2 Ne4 36. Rac1 Rg2 37. Bh4 Rxh2 38. Rh1 Rxh1 39. Rxh1 Nxc3+ 40. Kd3 Nd5 41. Bg3 a5 42. Rh6 Nc7 43. f4 b4 44.
axb4 axb4 45. Kc4 Kb6 46. Kxb4 Nd5+ 47. Kc4 Ne3+ 48. Kd3 Nf5 49. Rg6 Kc7 50. Be1 Kd7 51. Bb4 Nh4 52. Rg7+ Kd8 53. Kc4 Nf5 54. Rh7 Ne3+ 55.
Kc5 Nd5 56. Ba5+ Ke8 57. Kd6 Nxf4 58. Kxc6 Ne2 59. Bb6 Nf4 60. Kd6 Nd5 61. Kxe6 Nxb6 62. Rh8# 1-0

[Event "Live Chess"]
[Site "Chess.com"]
[Date "2024.06.01"]
[Round "-"]
[White "CliveFrostick"]
[Black "yarek"]
[Result "0-1"]
[WhiteElo "1850"]
[BlackElo "1732"]
[TimeControl "300"]
[EndTime "11:25:49 PDT"]
[Termination "yarek won on time"]

1. e4 g6 2. d4 Bg7 3. Nc3 c6 4. Nf3 d5 5. h3 dxe4 6. Nxe4 Nf6 7. Bd3 Nxe4 8. Bxe4 O-O 9. c3 Nd7 10. Bf4 Qb6 11.
Qd2 Nf6 12. Bd3 Be6 13. b4 Nd5 14. Bh6 a5 15. Bxg7 Kxg7 16. bxa5 Qxa5 17. c4 Qxd2+ 18. Kxd2 Nf4 19. Bf1 Rfd8 20. g3 Nh5 21. a4 Nf6 22.
Bd3 Ra5 23. g4 Rda8 24. Rhb1 Bc8 25. Bc2 b5 26. Ne5 bxc4 27. Nxc6 Rd5 28. Kc3 Kf8 29. f4 h6 30. Re1 e6 31. Reb1 Rd6 32. Ne5 Nd5+ 33.
Kxc4 Ne3+ 34. Kc5 Nxc2 35. Kxd6 Nxa1 36. Rxa1 Bb7 37. Nd7+ Kg7 38. Kc7 Bg2 39. a5 Bxh3 40. a6 Bxg4 41. a7 Bf3 42. Nb6 Re8 43. a8=Q Bxa8 44.
Nxa8 h5 45. Kd6 h4 46. Nc7 Rh8 47. Rh1 h3 48. Ke5 h2 49. Ke4 f6 50. Kf3 g5 51.
Kg2 g4 0-1

[Event "Live Chess"]
[Site "Chess.com"]
[Date "2024.06.01"]
[Round "-"]
[White "Golden_Plans"]
[Black "Nazar-Makarchuk"]
[Result "1-0"]
[WhiteElo "2253"]
[BlackElo "1510"]
[TimeControl "300"]
[EndTime "11:25:56 PDT"]
[Termination "Golden_Plans won by resignation"]

1. e4 d5 2. exd5 Qxd5 3. Nc3 Qd8 4. d4 Nf6 5. Nf3 e6 6. Ne5 Nbd7 7. f4 Nxe5 8. fxe5 Nd5 9. Nxd5 Qxd5 10. c4 Qd8 11.
Be3 Bb4+ 12. Kf2 O-O 13. Bd3 b6 14. Qf3 c5 15. Qxa8 cxd4 16. Bc1 a5 17. Qe4 g6 18. Bh6 Re8 19. Qg4 Bf8 20. Bg5 Be7 21. h4 Bxg5 22. hxg5 Ba6 23. b3 Qc7 24. Qg3 a4 25. Rxh7 Kxh7 26. Qh4+ Kg7 27. Qh6+ Kg8 28. Rh1 f5 29.
Qh8+ 1-0

[Event "Live Chess"]
[Site "Chess.com"]
[Date "2024.06.01"]
[Round "-"]
[White "LanceMaster23"]
[Black "Grace6363"]
[Result "1-0"]
[WhiteElo "1787"]
[BlackElo "1166"]
[TimeControl "300"]
[EndTime "11:26:14 PDT"]
[Termination "LanceMaster23 won by checkmate"]

1. Nf3 c5 2. g3 Nc6 3. Bg2 d5 4. O-O Nf6 5. d4 c4 6. Nbd2 Bg4 7. Re1 Qb6 8. c3 e6 9. e4 dxe4 10. Nxe4 Be7 11. Qa4 Nxe4 12. Rxe4 O-O 13. Qxc4 Rac8 14. Qb3 Qxb3 15. axb3 a6 16. Ne5 Nxe5 17. Rxe5 Bd6 18. Rg5 Bd1 19. Bxb7 Rb8 20. Bxa6 Bxb3 21. Bd3 f6 22.
Rb5 Rxb5 23. Bxb5 e5 24. Ra6 Be7 25. Ra7 Bd6 26. Rd7 Bb8 27. d5 e4 28. c4 Be5 29.
c5 Bd4 30. c6 Be5 31. c7 Rc8 32. Rd8+ Rxd8 33.
cxd8=Q+ Kf7 34. Qe8# 1-0

[Event "Live Chess"]
[Site "Chess.com"]
[Date "2024.06.01"]
[Round "-"]
[White "Ferrarifan27"]
[Black "blunderabit"]
[Result "0-1"]
[WhiteElo "2049"]
[BlackElo "1814"]
[TimeControl "300"]
[EndTime "11:26:15 PDT"]
[Termination "blunderabit won by resignation"]

1. e4 c5 2. Nf3 a6 3. c3 b5 4. d4 Bb7 5. Bd3 e6 6. O-O Nf6 7. Re1 cxd4 8. cxd4 Be7 9. Nc3 O-O 10.
e5 Nd5 11. Nxd5 Bxd5 12. Be3 f5 13. exf6 Bxf6 14. Rc1 Nc6 15. Bb1 Rc8 16. a3 Ne7 17. Qd3 g6 18. Ne5 Bxe5 19. dxe5 Rxc1 20. Rxc1 Nf5 21. Bc5 Rf7 22. a4 Qg5 23. g3 Qxc1+ 24. Qf1 Qxc5 0-1

[Event "Live Chess"]
[Site "Chess.com"]
[Date "2024.06.01"]
[Round "-"]
[White "uselessduffer"]
[Black "ACM42"]
[Result "1-0"]
[WhiteElo "2425"]
[BlackElo "2205"]
[TimeControl "300"]
[EndTime "11:26:16 PDT"]
[Termination "uselessduffer won by resignation"]

1. e4 e6 2. d4 d5 3. Nc3 Bb4 4. e5 c5 5. Bd2 Nc6 6. Nb5 Bxd2+ 7. Qxd2 cxd4 8. f4 Nge7 9. Nd6+ Kf8 10. Nf3 Nf5 11.
Nxf5 exf5 12. Nxd4 Qb6 13. O-O-O Be6 14. Kb1 g6 15. h3 h5 16. g3 Kg7 17. Be2 Rhc8 18. Rhg1 Qc5 19. Nb3 Qb6 20. g4 hxg4 21. hxg4 a5 22. Nd4 Nxd4 23. Qxd4 Qxd4 24. Rxd4 fxg4 25. Bxg4 Rc4 26. Rxc4 dxc4 27. Bf3 Rb8 28. c3 b5 29. Be4 Kf8 30. Kc2 Ke7 31. Rh1 b4 32. Rh2 Rd8 33.
Rh1 b3+ 34. axb3 cxb3+ 35. Kc1 a4 36. Rd1 Ra8 37. Bxa8 Bf5 38. Kd2 a3 39. bxa3 b2 40. Bd5 b1=Q 41. Rxb1 Bxb1 42. c4 f6 43. exf6+ Kxf6 44. Ke3 Ba2 45. a4 Ke7 46. Kd4 Kd6 47. c5+ Kc7 48. Bxa2 1-0

[Event "Live Chess"]
[Site "Chess.com"]
[Date "2024.06.01"]
[Round "-"]
[White "Mof05"]
[Black "educatedlad"]
[Result "1/2-1/2"]
[WhiteElo "1045"]
[BlackElo "1762"]
[TimeControl "300"]
[EndTime "11:26:24 PDT"]
[Termination "Game drawn - insufficient material"]

1. d4 Nc6 2. Bf4 d5 3. e3 Nf6 4. h3 Bf5 5. Bd3 Bxd3 6. Qxd3 e6 7. Nf3 Bb4+ 8. c3 Bd6 9. Bxd6 Qxd6 10. Nbd2 e5 11.
dxe5 Nxe5 12. Nxe5 Qxe5 13. Nf3 Qe4 14. Qxe4+ Nxe4 15.
O-O O-O-O 16. Rfd1 c5 17. Rac1 Rhe8 18. Kf1 Kc7 19.
c4 dxc4 20. Rxd8 Rxd8 21. Rxc4 b6 22. Rxe4 Rd1+ 23. Ke2 Rb1 24. Re7+ Kd6 25. Rxf7 Rxb2+ 26. Nd2 c4 27. Kd1 c3 28. Nc4+ Ke6 29. Nxb2 cxb2 30. Kc2 Kxf7 31. Kxb2 Ke6 32. Kc3 Kd5 33. a4 a6 34. f3 b5 35. axb5 axb5 36. e4+ Ke5 37. g3 g5 38. Kb4 h5 39. Kxb5 g4 40. hxg4 hxg4 41. fxg4 Kxe4 42. g5 Kf5 43. g6 Kxg6 44. Kc5 Kg5 45. Kd4 Kg4 46. Ke3 Kxg3 1/2-1/2

[Event "Live Chess"]
[Site "Chess.com"]
[Date "2024.06.01"]
[Round "-"]
[White "GoldsmanB"]
[Black "bobby_jamesFischer86"]
[Result "0-1"]
[WhiteElo "1051"]
[BlackElo "1591"]
[TimeControl "300"]
[EndTime "11:26:25 PDT"]
[Termination "bobby_jamesFischer86 won by checkmate"]

1. d4 d5 2. Bf4 e6 3. e3 Bd6 4. Bg3 Nf6 5. Nf3 O-O 6. c3 c5 7. Nbd2 Nc6 8. Be2 b6 9. Qc2 Bb7 10. O-O-O Rc8 11. c4 dxc4 12. Nxc4 Bxg3 13. hxg3 cxd4 14.
Nxd4 Nxd4 15. Rxd4 Qe7 16. Bf3 Bxf3 17. gxf3 b5 18. Nd6 Rxc2+ 19. Kxc2 Nd5 20. Nxb5 Rc8+ 21. Kd3 Nb4+ 22. Ke4 f5+ 23. Ke5 Qf6+ 24. Kf4 g5# 0-1

[Event "Live Chess"]
[Site "Chess.com"]
[Date "2024.06.01"]
[Round "-"]
[White "StoreySniper"]
[Black "Mangoalo"]
[Result "1-0"]
[WhiteElo "2557"]
[BlackElo "1009"]
[TimeControl "300"]
[EndTime "11:26:26 PDT"]
[Termination "StoreySniper won by resignation"]

1. e4 c6 2. d4 d5 3. Nc3 dxe4 4. f3 Nf6 5. fxe4 Bg4 6. Nf3 e6 7. Be3 Bb4 8. Bd3 Nbd7 9. O-O Bxc3 10. bxc3 e5 11.
Qe1 Bxf3 12. Rxf3 exd4 13. cxd4 O-O 14. e5 Nd5 15. Bd2 f6 16. e6 Re8 17. Bxh7+ Kxh7 18. Qh4+ Kg8 19. exd7 Qxd7 20. Rh3 Kf7 21. Qh5+ Ke7 22.
c4 Nf4 23. Re3+ Kd8 24. Rxe8+ Qxe8 25. Qxe8+ Kxe8 26. Bxf4 Kf7 27. d5 cxd5 28. cxd5 Rd8 29. d6 b5 30. Rc1 a5 31. Rc7+ Kg6 32. d7 b4 33. Bd6 f5 34. Be7 Rxd7 35. Rxd7 b3 36.
axb3 a4 37. bxa4 1-0

[Event "Live Chess"]
[Site "Chess.com"]
[Date "2024.06.01"]
[Round "-"]
[White "WilliamofOrange16th"]
[Black "chessfiction"]
[Result "0-1"]
[WhiteElo "1955"]
[BlackElo "2405"]
[TimeControl "300"]
[EndTime "11:26:44 PDT"]
[Termination "chessfiction won by resignation"]

1. e4 c6 2. d4 d5 3. exd5 cxd5 4.
c4 Nc6 5. Nf3 Nf6 6. Nc3 e6 7. c5 g6 8. Bb5 Bg7 9. O-O O-O 10. Bxc6 bxc6 11. Ne5 Bd7 12. Bg5 h6 13. Be3 Rb8 14. Qd2 Kh7 15. b3 Be8 16. f3 Nd7 17.
Nxd7 Bxd7 18. f4 Re8 19. Qe2 Qa5 20. Nd1 Bc8 21. Qg4 Ba6 22. f5 exf5 0-1

[Event "Live Chess"]
[Site "Chess.com"]
[Date "2024.06.01"]
[Round "-"]
[White "Bob2pen"]
[Black "willc-h99"]
[Result "0-1"]
[WhiteElo "1865"]
[BlackElo "2632"]
[TimeControl "300"]
[EndTime "11:26:50 PDT"]
[Termination "willc-h99 won by resignation"]

1. e4 d5 2. exd5 Qxd5 3. Nc3 Qd6 4. Nf3 Nf6 5. Bc4 a6 6. d3 b5 7. Bb3 Bb7 8. Be3 e6 9. Qd2 c5 10. Bf4 Qb6 11. O-O Bxf3 12. gxf3 Nc6 13. Ne2 Be7 14. a4 O-O 15. axb5 axb5 16. c3 Nd5 17. Bxd5 exd5 18.
Kh1 Bf6 19. Rg1 Rxa1 20. Rxa1 b4 21. Rg1 Re8 22. Bg5 Ne5 23. Qf4 Nxd3 24. Qh4 Rxe2 25.
Bxf6 Nxf2+ 0-1

[Event "Live Chess"]
[Site "Chess.com"]
[Date "2024.06.01"]
[Round "-"]
[White "grillage"]
[Black "booktrunk"]
[Result "1-0"]
[WhiteElo "1897"]
[BlackElo "1376"]
[TimeControl "300"]
[EndTime "11:26:57 PDT"]
[Termination "grillage won by resignation"]

1. d4 b6 2. Nf3 Bb7 3. c4 e6 4. g3 Bb4+ 5. Bd2 Bxd2+ 6. Nbxd2 Nf6 7. Bg2 O-O 8. O-O Ng4 9. h3 Nf6 10. Qc2 Kh8 11. Rfd1 d5 12. Rac1 dxc4 13. Nxc4 Nc6 14.
Nce5 Ne7 15. Qxc7 Bd5 16. Qxd8 Rfxd8 17. Rc7 Re8 18. Nxf7+ Kg8 19. Nd6 Red8 20. Nb5 a6 21. Rxe7 axb5 22. a3 Nd7 23. Ne5 Bxg2 24. Nxd7 Bd5 25.
Nxb6 Rab8 26. Nxd5 exd5 27. Rc1 Rdc8 28. Rcc7 Rd8 29.
Rxg7+ 1-0

[Event "Live Chess"]
[Site "Chess.com"]
[Date "2024.06.01"]
[Round "-"]
[White "Bradfield133"]
[Black "WelshTiger"]
[Result "0-1"]
[WhiteElo "1989"]
[BlackElo "2533"]
[TimeControl "300"]
[EndTime "11:27:08 PDT"]
[Termination "WelshTiger won by resignation"]

1. c4 e6 2. e4 c5 3. Nc3 Nc6 4. g3 g6 5. Bg2 Bg7 6. Nge2 Nge7 7. O-O O-O 8. d3 a6 9. f4 d6 10. h3 Rb8 11. a4 Nb4 12. g4 d5 13. cxd5 exd5 14.
e5 c4 15. dxc4 dxc4 16. Be3 Nd3 17. Qc2 Nc6 18. Nd5 b5 19. axb5 axb5 20. Nec3 Ncb4 21. Qe2 Nxd5 22. Nxd5 Bb7 23. Nc3 Bxg2 24. Qxg2 Qd7 25. Ra7 Qe6 26. Bc5 Nxc5 0-1

[Event "Live Chess"]
[Site "Chess.com"]
[Date "2024.06.01"]
[Round "-"]
[White "Zhevzh1k7"]
[Black "McFim"]
[Result "0-1"]
[WhiteElo "1085"]
[BlackElo "1581"]
[TimeControl "300"]
[EndTime "11:27:11 PDT"]
[Termination "McFim won by checkmate"]

1. e4 c6 2. d4 d5 3. f3 dxe4 4. fxe4 e5 5. Nf3 Bg4 6. Be2 Bxf3 7. gxf3 Qxd4 8. Qxd4 exd4 9. Bf4 Nd7 10. Nd2 a6 11.
O-O-O f6 12. Nb3 c5 13. Bc4 Ne7 14. Rhe1 b5 15. Be6 Rc8 16. Bxd7+ Kxd7 17. e5 f5 18. e6+ Kc6 19. Re5 Nd5 20. Bg3 f4 21.
Bf2 Bd6 22. Rf5 Ne3 23. Bxe3 fxe3 24. Re1 Rce8 25. Rf7 Rhg8 26. c3 dxc3 27. bxc3 Rxe6 28.
Na5+ Kb6 29. Nb3 Bxh2 30. f4 Rge8 31. f5 R6e7 32. Rxe7 Rxe7 33. Kc2 e2 34. Nd2 Bg3 35. Nf3 Bxe1 36. Nxe1 Rf7 37. Kd2 Rxf5 38. Kxe2 Re5+ 39. Kd2 Rxe1 40. Kxe1 h5 41. Kf2 g5 42. Kg3 Ka5 43. Kf3 Ka4 44. Ke4 h4 45. Kf5 h3 46.
Kxg5 h2 47. Kf5 h1=Q 48. Ke6 Qc6+ 49. Ke5 Qd7 50. Ke4 b4 51. cxb4 Kxb4 52. Ke5 Qd4+ 53. Ke6 c4 54. Kf5 Qe3 55. Kg4 Qf2 56. Kh3 Qg1 57.
a3+ Kc3 58. a4 Kd4 59. a5 Ke4 60. Kh4 Kf5 61. Kh5 Qg5# 0-1

[Event "Live Chess"]
[Site "Chess.com"]
[Date "2024.06.01"]
[Round "-"]
[White "nigelst"]
[Black "peteopeteo"]
[Result "1-0"]
[WhiteElo "1673"]
[BlackElo "1599"]
[TimeControl "300"]
[EndTime "11:27:17 PDT"]
[Termination "nigelst won by resignation"]

1. e4 c6 2. d4 d5 3. exd5 cxd5 4. Bd3 Nf6 5. c3 Nc6 6. Bf4 Qb6 7. Qb3 Qxb3 8.
axb3 e6 9. Nf3 h6 10. O-O Be7 11. Nbd2 O-O 12. Ne5 Nxe5 13. Bxe5 Nd7 14. Bg3 Bf6 15. Nf3 Re8 16. Rfe1 a6 17. Ne5 Nxe5 18. Bxe5 Bxe5 19. Rxe5 Bd7 20. Rae1 Bb5 21. Bxb5 axb5 22. g3 Ra2 23.
Rxd5 Rxb2 24. Rxb5 Rc8 25. Re3 Rc2 26. c4 Rd2 27.
Re4 Rd8 28. Rxb7 R2xd4 29. Rxd4 Rxd4 30. c5 Rd8 31. c6 Rc8 32. c7 Kh7 33. b4 Kg6 34. b5 Kf6 35. b6 Ke5 36. Rb8 Rxb8 37. cxb8=Q+ 1-0

[Event "Live Chess"]
[Site "Chess.com"]
[Date "2024.06.01"]
[Round "-"]
[White "Queensandpawns"]
[Black "updatedopenings2024"]
[Result "1-0"]
[WhiteElo "2451"]
[BlackElo "1938"]
[TimeControl "300"]
[EndTime "11:27:23 PDT"]
[Termination "Queensandpawns won by resignation"]

1. e4 c6 2. d4 d5 3. Nc3 dxe4 4. Nxe4 Nf6 5. Ng5 h6 6. Nxf7 Kxf7 7. Nf3 c5 8. d5 Qxd5 9. Bc4 e6 10. Bxd5 exd5 11. O-O Nc6 12. Re1 Bg4 13. h3 Bxf3 14.
Qxf3 Bd6 15. Bf4 Nd4 16. Qg3 Nh5 17. Qg4 Nxf4 18. Qd7+ Kf6 19. Qxd6+ Nfe6 20. c3 1-0

[Event "Live Chess"]
[Site "Chess.com"]
[Date "2024.06.01"]
[Round "-"]
[White "JanMur7"]
[Black "TigerTank70"]
[Result "0-1"]
[WhiteElo "2268"]
[BlackElo "2215"]
[TimeControl "300"]
[EndTime "11:27:35 PDT"]
[Termination "TigerTank70 won on time"]

1. c4 e5 2. Nc3 Nc6 3. Nf3 Nf6 4.
e4 Bc5 5. Nxe5 Bxf2+ 6. Kxf2 Nxe5 7. d4 Nc6 8. e5 Ng8 9. Qg4 Kf8 10. Qe4 d6 11. exd6 cxd6 12. d5 Nf6 13. Qf4 Ng4+ 14. Ke1 Qe7+ 15. Be2 Nce5 16. Kd1 Ng6 17. Qf3 N4e5 18.
Qf2 Bg4 19. Rf1 f6 20. h3 Bxe2+ 21. Qxe2 Rc8 22. b3 Re8 23. Ba3 Qd7 24. Ne4 Nf7 25. Qf3 Nge5 26. Qf5 Qc7 27. g4 Nd7 28. g5 g6 29. Qf4 Re5 30. Nxf6 Rf5 31. Qxf5 gxf5 32. Rxf5 Nxf6 33. Rxf6 Kg7 34. Bb2 Ne5 35. Kc2 h6 36. Raf1 hxg5 37. R6f5 Qe7 38. Rg1 Rh5 39. h4 Rxh4 40.
Rfxg5+ Kh6 41. Bxe5 dxe5 42. R5g2 Qf6 43. Re1 Qf5+ 44.
Kc1 Qf4+ 45. Rd2 e4 46. Rd1 e3 47. Re2 Rh2 48. Rde1 Rxe2 49. Rxe2 Qf1+ 50. Kb2 Qxe2+ 51.
Ka3 Qd3 52. d6 e2 53. d7 Qxd7 54. c5 Qd6 55. cxd6 e1=Q 56. d7 Qd2 57. d8=Q Qxd8 58. Ka4 Qd7+ 59. Kb4 Qd6+ 60. Ka4 Qd5 61. Ka3 Qd4 0-1

[Event "Live Chess"]
[Site "Chess.com"]
[Date "2024.06.01"]
[Round "-"]
[White "NeilDruggan73"]
[Black "WeakOldFinished"]
[Result "0-1"]
[WhiteElo "1717"]
[BlackElo "2082"]
[TimeControl "300"]
[EndTime "11:27:35 PDT"]
[Termination "WeakOldFinished won by resignation"]

1. d4 d5 2. Bg5 h6 3. Bh4 c5 4. e3 Nc6 5. Bb5 Qb6 6. Bxc6+ bxc6 7. Nd2 cxd4 8. exd4 Qxb2 9. Ngf3 Ba6 10. Rb1 Qa3 11.
Bg3 Nf6 12. Nb3 e6 13. Ne5 Bb4+ 14. Nd2 Ne4 15. Bf4 g5 16. Qh5 Rf8 17. Be3 Qa5 18.
Rd1 Qc7 19. Qxh6 c5 20. Qg7 cxd4 21. Ng6 dxe3 22. fxe3 Qc3 23. Nxf8 Qxg7 24. Nxe6 fxe6 0-1

[Event "Live Chess"]
[Site "Chess.com"]
[Date "2024.06.01"]
[Round "-"]
[White "educatedlad"]
[Black "powerchs"]
[Result "1-0"]
[WhiteElo "1763"]
[BlackElo "1250"]
[TimeControl "300"]
[EndTime "11:27:35 PDT"]
[Termination "educatedlad won by resignation"]

1. e4 c5 2. Nf3 d6 3. d4 cxd4 4. Nxd4 g6 5. c4 Bg7 6. Nc3 Nf6 7. Be3 O-O 8. Be2 e6 9. O-O e5 10. Ndb5 a6 11. Nxd6 Qc7 12. Nxc8 Qxc8 13. Rc1 Nc6 14. Nd5 Nxd5 15. cxd5 1-0

[Event "Live Chess"]
[Site "Chess.com"]
[Date "2024.06.01"]
[Round "-"]
[White "MellowAesthetic"]
[Black "Colm_Buckley"]
[Result "1-0"]
[WhiteElo "2068"]
[BlackElo "1808"]
[TimeControl "300"]
[EndTime "11:27:37 PDT"]
[Termination "MellowAesthetic won on time"]

1. e4 e6 2. d4 d5 3. Nd2 c5 4. exd5 exd5 5. Ngf3 Nc6 6. Bb5 a6 7.
Bxc6+ bxc6 8. O-O cxd4 9. Nxd4 Be7 10. Nxc6 Qd6 11. Nxe7 Nxe7 12. Nf3 Bg4 13. Bg5 f6 14. Bh4 O-O 15. Bg3 Qb4 16. Re1 Rfe8 17. Qd4 Qxd4 18. Nxd4 Kf7 19. h3 Bh5 20. c3 Ra7 21. Bd6 Rb7 22. b4 Bg6 23. g4 Rc8 24. Bc5 h5 25.
a4 hxg4 26. hxg4 Nc6 27. Re3 Ne5 28. f3 Nc6 29. Rae1 Nxd4 30. Bxd4 Rcc7 31. Bc5 f5 32. g5 f4 33. Re8 Be4 34. Rf8+ Kg6 35. fxe4 dxe4 36.
Rxf4 Kxg5 37. Rfxe4 Rf7 38. R1e2 Rf3 39. R4e3 Rbf7 40.
Rxf3 Rxf3 41. Rg2+ Kf6 42. Rf2 Rxf2 43. Kxf2 Ke6 44.
b5 axb5 45. axb5 Kd7 46. c4 g5 47. Kg3 g4 48. Kxg4 Kc8 49. Kf5 Kb7 50. Ke6 Kc7 51. Kd5 Kb7 52. Bd4 Kc7 53. c5 Kb7 54. Be5 Kc8 55.
Kc6 1-0

[Event "Live Chess"]
[Site "Chess.com"]
[Date "2024.06.01"]
[Round "-"]
[White "NottheBishopSacrifice"]
[Black "SirGerhard"]
[Result "1-0"]
[WhiteElo "2295"]
[BlackElo "2757"]
[TimeControl "300"]
[EndTime "11:27:43 PDT"]
[Termination "NottheBishopSacrifice won by resignation"]

1. d4 Nf6 2. Bf4 e6 3. e3 b6 4. Nf3 Bb7 5. Be2 Be7 6. O-O O-O 7. c4 c5 8. Nc3 cxd4 9. exd4 d5 10. cxd5 Nxd5 11. Bg3 Nd7 12. Qd2 N7f6 13. Bd3 Nxc3 14.
bxc3 Bxf3 15. gxf3 Rc8 16. Ba6 Nd5 17. Bxc8 Qxc8 18.
Rac1 Qc4 19. Rfe1 Rc8 20. Qe2 Ba3 21. Qxc4 Rxc4 22. Rc2 h6 23. Kf1 b5 24. Rb1 b4 25.
Rb3 a5 26. Rb1 Nxc3 27. Re1 a4 28. Bd6 Rxd4 29. Be5 Rd3 30. Bxc3 bxc3 31. Re4 Rxf3 32. Rxa4 Bb2 33. Rb4 Rd3 34. a4 Rd1+ 35. Ke2 Ra1 36. Kd3 Kf8 37. Kc4 Ke7 38. Rb7+ Kf6 39. Kb5 Rd1 40.
a5 Rd5+ 41. Ka4 Rd4+ 42. Kb5 Rd5+ 43. Kb6 Rd6+ 44. Ka7 Ke5 45. Rbxb2 cxb2 46. Rxb2 f5 47. a6 Rd7+ 48. Kb8 Kf4 49. a7 Rxa7 50. Kxa7 e5 51. Kb6 e4 52. Kc5 Kf3 53. Kd4 f4 54. Rb3+ Kxf2 55.
Kxe4 g5 56. Rb6 f3 57. Rb2+ 1-0

[Event "Live Chess"]
[Site "Chess.com"]
[Date "2024.06.01"]
[Round "-"]
[White "Isambard_Thomas"]
[Black "Nazarenko_vital"]
[Result "1-0"]
[WhiteElo "2163"]
[BlackElo "1473"]
[TimeControl "300"]
[EndTime "11:28:03 PDT"]
[Termination "Isambard_Thomas won by resignation"]

1. d4 Nf6 2. Bg5 Ne4 3. h4 h6 4. Bf4 e6 5. e3 d5 6. Nd2 c5 7.
Nxe4 dxe4 8. dxc5 Qxd1+ 9. Rxd1 Bxc5 10. Ne2 Nc6 11. Ng3 O-O 12. Nxe4 Bb6 13. Bg3 e5 14. Nd6 Rd8 15. Bc4 Be6 16. Bxe6 fxe6 17. Ke2 Rab8 18.
h5 Bc5 19. Nc4 Rxd1 20. Rxd1 Rd8 21. Rxd8+ Nxd8 22. Nxe5 Nf7 23. c4 Nxe5 24. Bxe5 a5 25. Bd4 Bd6 26. f4 Kf7 27. g4 g6 28. hxg6+ Kxg6 29. Kd3 h5 30. gxh5+ Kxh5 31. c5 Be7 32. Ke4 Kg6 33. a4 Kf7 34. Kd3 Bd8 35. Kc4 Ke7 36. Kb5 Kd7 37. Bc3 Kc8 38. Bxa5 Bxa5 39. Kxa5 Kc7 40. b4 Kc6 41. e4 Kc7 42. Kb5 Kb8 43. c6 Kc7 44. cxb7 Kxb7 45. Kc5 Kc7 46. a5 Kb7 47. b5 Kc7 48. f5 1-0

[Event "Live Chess"]
[Site "Chess.com"]
[Date "2024.06.01"]
[Round "-"]
[White "jimwad"]
[Black "chess5013"]
[Result "0-1"]
[WhiteElo "1239"]
[BlackElo "1281"]
[TimeControl "300"]
[EndTime "11:28:12 PDT"]
[Termination "chess5013 won by resignation"]

1. d4 d5 2. c4 Nc6 3. Nc3 e6 4. Bf4 Bb4 5. e3 Nf6 6. Ne2 O-O 7. a3 Bxc3+ 8. Nxc3 dxc4 9. Bxc4 Nd5 10. Nxd5 exd5 11. Bd3 Be6 12. O-O Na5 13. b4 Nc4 14. Qc2 g6 15.
Rfc1 b5 16. Bh6 Re8 17. Qe2 Qh4 18. Bf4 Qf6 19. Bg3 c6 20. Be5 Nxe5 21. dxe5 Qxe5 22. Rxc6 Qxa1+ 0-1

[Event "Live Chess"]
[Site "Chess.com"]
[Date "2024.06.01"]
[Round "-"]
[White "elephantgerrald"]
[Black "viktorskliarov"]
[Result "0-1"]
[WhiteElo "756"]
[BlackElo "2646"]
[TimeControl "300"]
[EndTime "11:28:23 PDT"]
[Termination "viktorskliarov won by checkmate"]

1. e4 c5 2. Nf3 Nc6 3. Nc3 Nf6 4. Bb5 Nd4 5. Nxd4 cxd4 6. Nd5 Nxe4 7. Qe2 Nd6 8. d3 e6 9. Qf3 Nxb5 10. a4 Nc7 11. Nxc7+ Qxc7 12. O-O Bd6 13. g3 O-O 14. Qg4 f5 15. Qg5 b6 16. h4 Bb7 17. b3 Qc6 18.
f3 Qxc2 19. Rf2 Qd1+ 20. Rf1 Qxd3 21. Bb2 h6 22. Qg6 Rf6 23. Rad1 Rxg6 24. Rxd3 Rxg3+ 25. Kf2 Rc8 26. f4 Rg2+ 27. Ke1 Rxb2 28. Rxd4 Rc1+ 29.
Rd1 Bb4# 0-1

[Event "Live Chess"]
[Site "Chess.com"]
[Date "2024.06.01"]
[Round "-"]
[White "TJ-W"]
[Black "oscalik"]
[Result "1-0"]
[WhiteElo "1567"]
[BlackElo "2352"]
[TimeControl "300"]
[EndTime "11:28:25 PDT"]
[Termination "TJ-W won by checkmate"]

1. e4 c5 2. Nc3 Nc6 3. Bb5 Nd4 4.
Ba4 a6 5. Bb3 e6 6. Nf3 Nf6 7.
Nxd4 cxd4 8. Ne2 Nxe4 9. Nxd4 Bc5 10. Qf3 d5 11. Ne2 Bxf2+ 12. Kd1 h5 13. d3 Bh4 14.
Rf1 Nf2+ 15. Kd2 Bg5+ 16. Ke1 Bxc1 17. Rxf2 Qa5+ 18. c3 Bxb2 19. Qxf7+ Kd8 20. Qxg7 Re8 21. Rb1 Ba3 22. Rf7 b5 23. Qf6+ Be7 24. Qg6 Qb6 25. Nd4 Bd7 26. Qxh5 a5 27. Bxd5 exd5 28. Qxd5 Rc8 29.
Rxb5 Qg6 30. Rg7 Qxd3 31. Ne6# 1-0